 Dungeon Crawl Stone Soup version 0.21-a0-529-g8c7b3f5 (webtiles) character file.

254 slep the Chopper (level 5, 0/40 HPs)
             Began as a Demonspawn Gladiator on Dec 10, 2017.
             Slain by a phantom (7 damage)
             ... on level 4 of the Dungeon.
             The game lasted 00:07:02 (1277 turns).

slep the Chopper (Demonspawn Gladiator)             Turns: 1277, Time: 00:07:02

Health: 0/40       AC: 10    Str: 16    XL:     5   Next: 91%
Magic:  5/5        EV: 16    Int:  9    God:
Gold:   88         SH:  3    Dex: 14    Spells: 4/4 levels left

rFire    . . .     SeeInvis +   a - +0 war axe
rCold    . . .     Gourm    .   r - +0 buckler
rNeg     . . .     Faith    .   e - quicksilver dragon scales
rPois    .         Spirit   .   (helmet restricted)
rElec    .         Reflect  .   (no cloak)
rCorr    .         Harm     .   g - +0 pair of gloves
MR       +....                  (no boots)
Stlth    +.........             (no amulet)
HPRegen  0.13/turn              o - +5 ring of evasion
MPRegen  0.09/turn              v - ring of see invisible

@: no status effects
A: hooves 1, horns 1
a: no special abilities


You were on level 4 of the Dungeon.
You were not hungry.

You visited 1 branch of the dungeon, and saw 4 of its levels.

You collected 88 gold pieces.

Inventory:

Hand Weapons
 a - a +0 war axe (weapon)
 p - a cursed -3 hunting sling
Missiles
 d - 3 throwing nets (quivered)
Armour
 b - a +0 leather armour
 c - a +0 helmet
 e - quicksilver dragon scales (worn)
 g - a +0 pair of gloves (worn)
 q - a +2 helmet
 r - a +0 buckler (worn)
Jewellery
 o - a +5 ring of evasion (left hand)
 v - a ring of see invisible (right hand)
Scrolls
 h - 2 scrolls of enchant weapon {unknown}
 i - a scroll of fear {unknown}
 l - a scroll of identify {unknown}
 n - 2 scrolls of amnesia {unknown}
 s - a scroll of magic mapping {unknown}
 u - a scroll of teleportation {unknown}
Potions
 k - a potion of resistance
 m - a potion of mutation {unknown}
 t - a potion of heal wounds {unknown}
Comestibles
 f - a bread ration
 j - 2 royal jellies


   Skills:
 + Level 2.9 Fighting
 + Level 4.9 Axes
 + Level 1.8 Throwing
 + Level 1.5 Armour
 + Level 3.3 Dodging
 + Level 0.1 Shields


You had 4 spell levels left.
You didn't know any spells.

Dungeon Overview and Level Annotations

Branches:
Dungeon (4/15)
 Temple: D:4-7

Altars:
Gozag
Kikubaaqudgha
Nemelex Xobeh
Wu Jian

Annotations:
D:2 Terence
D:3 Rohain's ghost, weakling HOFi


Innate Abilities, Weirdness & Mutations

You have large cloven feet.
You have a pair of small horns on your head.


Message History

You closely miss the iguana. You kick the iguana.
You headbutt the iguana, but do no damage.
The iguana is almost dead.
The iguana barely misses you. The iguana bites you.
* * * LOW HITPOINT WARNING * * *
You hit the iguana but do no damage. Your kick misses the iguana.
The iguana is almost dead.
You hit the phantom but do no damage. The iguana barely misses you.
You block the phantom's attack.
You slash the iguana!
You kill the iguana!
You closely miss the phantom. The phantom completely misses you.
You closely miss the phantom. Your kick misses the phantom.
You headbutt the phantom.
The phantom is lightly damaged.
The phantom hits you but does no damage.
You hit the phantom. Your headbutt misses the phantom.
The phantom is lightly damaged.
The phantom completely misses you. The phantom hits you!
You die...

#.......# #.......#
#......<# #.......#
#.......#
#.......###
#.........###
#>......#...###
#####.#####.@†###
### ... ###W..# ...#
#...#
######...#######..#
###.
..........#.......#
##
##...#........)...#
###..........##....#
###...............
#.........###. .
#.##...#....


You could see a phantom.

Vanquished Creatures
  A scorpion (D:4)
  A bullfrog skeleton (D:4)
  Natasha (D:3)
  2 iguanas (D:4)
  Robin (D:2)
  3 adders
  A worm (D:4)
  4 dart slugs
  A leopard gecko (D:2)
  2 orcs
  2 bats (D:1)
  4 giant cockroaches
  14 goblins
  3 hobgoblins
  2 quokkas (D:2)
  3 frilled lizards (D:2)
  3 kobolds
  3 rats
51 creatures vanquished.

Notes
Turn   | Place    | Note
-------+----------+-------------------------------------------
     0 | D:1      | slep the Demonspawn Gladiator began the quest for the Orb.
     0 | D:1      | Reached XP level 1. HP: 16/16 MP: 1/1
   203 | D:1      | Reached skill level 3 in Axes
   203 | D:1      | Gained mutation: You have large cloven feet. [demonic ancestry]
   203 | D:1      | Reached XP level 2. HP: 17/22 MP: 2/2
   690 | D:2      | Noticed Robin
   694 | D:2      | Reached XP level 3. HP: 25/27 MP: 3/3
   702 | D:2      | Killed Robin
   786 | D:2      | Noticed Terence
   811 | D:3      | Gained mutation: You have a pair of small horns on your head. [demonic ancestry]
   811 | D:3      | Reached XP level 4. HP: 27/34 MP: 4/4
   828 | D:3      | Noticed Natasha
   835 | D:3      | Killed Natasha
   835 | D:3      | Reached skill level 4 in Axes
  1010 | D:3      | Noticed Rohain's ghost (weakling HOFi)
  1018 | D:3      | Found an ancient bone altar of Kikubaaqudgha.
  1025 | D:3      | Found a sparkling altar of Nemelex Xobeh.
  1027 | D:3      | Found an opulent altar of Gozag.
  1027 | D:3      | Found an ornate altar of the Wu Jian Council.
  1225 | D:4      | Reached XP level 5. HP: 31/39 MP: 5/5
  1230 | D:4      | Reached skill level 1 in Armour
  1251 | D:4      | Noticed a phantom
  1277 | D:4      | Slain by a phantom

Vault maps used:
D:1:      dpeg_arrival_renting, minmay_pentomino_x2
D:2:      first_bread, minmay_misc_feat_four_crosses, uniq_robin, uniq_terence
D:3:      minitemple, uniq_natasha, uniq_ijyb
D:4:      nicolae_ru_path_of_blood

Skill      XL: |  1  2  3  4  5 |
---------------+----------------+-----
Axes           | 3 4 |  4.9
Dodging        | 3 |  3.3
Armour         | 1 |  1.5
Fighting       | |  2.9
Throwing       | |  1.8
Shields        | |  0.1

Action                   |  1- 3 |  4- 6 || total
-------------------------+-------+-------++-------
Melee: War axe           |    60 |    55 ||   115
       Kick              |    15 |    18 ||    33
       Headbutt          |       |    12 ||    12
  Eat: Chunk             |       |     1 ||     1
Armor: Quicksilver drago |    37 |    16 ||    53
       Leather armour    |     3 |       ||     3
Dodge: Dodged            |    88 |    57 ||   145
Block: Buckler           |     1 |     8 ||     9

Table legend:
 A = Spawn XP
 B = Non-spawn XP
 C = Spawn XP percentage of total XP
 D = Spawn monster count
 E = Non-spawn monster count
 F = Spawn count percentage of total count
 G = Total turns spent on level
                    A         B        C        D         E        F      G
               +---------+---------+-------+---------+---------+-------+---------
         Total |       0 |     364 |   0.0 |       0 |      51 |   0.0 |  1277
               +---------+---------+-------+---------+---------+-------+---------
           D:1 |       0 |      24 |   0.0 |       0 |      12 |   0.0 |   580
           D:2 |       0 |      64 |   0.0 |       0 |      21 |   0.0 |   215
           D:3 |       0 |      69 |   0.0 |       0 |      11 |   0.0 |   292
           D:4 |       0 |     207 |   0.0 |       0 |       7 |   0.0 |   190
               +---------+---------+-------+---------+---------+-------+---------
